 Dungeon Crawl Stone Soup version 0.31.0-12-g77e489cdc1 (webtiles) character file.

Game seed: 13068021066002266682

748 hawla the Cruncher (level 7, 0/57 HPs)
             Began as a Minotaur Fighter on Feb 19, 2024.
             Slain by a hound (5 damage)
             ... on level 5 of the Dungeon.
             The game lasted 00:07:56 (3244 turns).

hawla the Cruncher (Minotaur Fighter)               Turns: 3244, Time: 00:07:57

Health: 0/57       AC:  9    Str: 23    XL:     7   Next: 48%
Magic:  6/6        EV:  8    Int:  8    God:
Gold:   197        SH:  9    Dex:  9    Spells: 6/6 levels left

rFire   + . .        p - +8 whip of the Tooth {flame, ^Contam Int+3}
rCold   + . .        r - +1 kite shield {AC+3}
rNeg    + . .        b - +0 scale mail
rPois   +            (helmet restricted)
rElec   +            (no cloak)
rCorr   +            (no gloves)
SInv    .            (no boots)
Will    .....        m - amulet of magic regeneration Stlth
                     o - ring of positive energy
HPRegen 0.29/turn    (no ring)
MPRegen 0.50/turn

%: no passive effects
@: resistant
A: horns 2, retaliatory headbutt, hooves 1, sense surroundings 1
a: no special abilities


You were on level 5 of the Dungeon.
You visited 1 branch of the dungeon, and saw 5 of its levels.

You collected 197 gold pieces.

Inventory:

Hand Weapons
 a - a +0 lajatang
 p - the +8 whip of the Tooth (weapon) {flame, ^Contam Int+3}
   (You found it on level 4 of the Dungeon)

   Int+3:     It affects your intelligence (+3).
   ^Contam:   It causes magical contamination when unequipped.
Missiles
 f - a curare-tipped dart
 g - 8 poisoned darts (quivered)
Armour
 b - a +0 scale mail (worn)
 r - a +1 kite shield of protection (worn)
Jewellery
 m - an amulet of magic regeneration (around neck)
 o - a ring of positive energy (left hand)
Wands
 k - a wand of paralysis (9)
Potions
 d - a potion of might
 j - a potion of ambrosia {unknown}
 l - 3 potions of cancellation {unknown}
 n - a potion of degeneration {unknown}
 q - 2 potions of magic {unknown}
Miscellaneous
 e - a phantom mirror


   Skills:
 - Level 3.6 Fighting
 - Level 3.3(3.6) Axes
 + Level 2.0(6.4) Maces & Flails
 - Level 9.0(9.1) Staves
 - Level 3.6 Armour
 + Level 4.3 Shields


You had 6 spell levels left.
You didn't know any spells.
Your spell library was empty.

Dungeon Overview and Level Annotations

Branches:
Dungeon (5/15)
 Temple: D:4-7

Altars:
Cheibriados
Qazlal
Trog
Xom

Annotations:
D:4 2 runed translucent doors


Innate Abilities, Weirdness & Mutations

You have a pair of horns on your head.
You reflexively headbutt those who attack you in melee.
You have large cloven feet.
You passively map a small area around you.


Message History

The orc warrior hits you with a +0 halberd!
Something hits you. The adder bites you but does no damage.
Unknown command.
You are too confused!
Unknown command.
You are too confused!
It was a potion of mutation.
You feel extremely strange.
Your feet thicken and deform.
You feel a strange attunement to the structure of the dungeons.
You feel less confused. The adder bites you but does no damage.
The orc warrior barely misses you. You furiously retaliate!
You headbutt the orc warrior! You block something's attack.
You aren't carrying any scrolls.
You barely miss something. You headbutt something!
The adder bites you but does no damage. The orc warrior barely misses you.
Something hits you but does no damage.
You closely miss something. Your kick misses something.
You block the adder's attack.
The orc warrior hits you with a +0 halberd!
* * * LOW HITPOINT WARNING * * *
You hear some strange, mumbled words.
A puff of flame appears from out of thin air!
The puff of flame misses you. The adder bites you.
* * * LOW HITPOINT WARNING * * *
You block the orc warrior's attack. The adder bites you but does no damage.
Something hits you but does no damage.
You see here a +0 hand axe.
The adder bites you but does no damage. You block the hound's attack.
The orc warrior hits you but does no damage.
Something hits you.
* * * LOW HITPOINT WARNING * * *
You aren't carrying any scrolls.
It was a potion of resistance.
You feel protected. The hound bites you but does no damage.
The adder barely misses you. The orc warrior barely misses you.
Something hits you.
* * * LOW HITPOINT WARNING * * *
The hound bites you.
You die...

.. * * ** ## #.#
... ~* , #.. #..*
.... ~
...##..######....,
,
,.#...............
*.................
#.............. ,
* *,
*#....<........
#...@h........ *
#..S){....#### * ,
* * #....o....# *
########### ,


You could see an orc warrior, a hound and an adder.

Vanquished Creatures
  2 phantoms (D:4)
  A kobold brigand (D:4)
  A bullfrog (D:4)
  A killer bee (D:4)
  A jelly (D:4)
  2 bombardier beetles
  2 hounds
  3 orc priests (D:4)
  An iguana (D:4)
  4 adders
  A shadow imp (D:4)
  2 ribbon worms
  10 orcs
  5 ball pythons
  17 endoplasms
  2 giant cockroaches
  12 goblins
  6 hobgoblins
  3 quokkas
  12 bats
  3 frilled lizards
  2 kobolds
  3 rats
96 creatures vanquished.

Notes
Turn   | Place    | Note
-------+----------+-------------------------------------------
     0 | D:1      | hawla the Minotaur Fighter began the quest for the Orb.
     0 | D:1      | Reached XP level 1. HP: 19/19 MP: 0/0
   182 | D:1      | Reached XP level 2. HP: 24/26 MP: 1/1
   214 | D:1      | Reached skill level 1 in Staves
   435 | D:1      | Reached skill level 2 in Staves
   806 | D:2      | Found a faded altar of an unknown god.
   833 | D:2      | Reached XP level 3. HP: 30/31 MP: 2/2
   893 | D:2      | Reached skill level 3 in Staves
  1443 | D:3      | Reached skill level 4 in Staves
  1443 | D:3      | Reached XP level 4. HP: 39/39 MP: 3/3
  1465 | D:3      | Identified the +2 dagger of the Thirsty Tables {freeze,
                  | ^Contam ^Drain rF++ Int+8}
  1625 | D:3      | Found a shimmering altar of Xom.
  1628 | D:3      | Found a shimmering altar of Xom.
  1629 | D:3      | Found a shimmering altar of Xom.
  1630 | D:3      | Found a shimmering altar of Xom.
  1642 | D:3      | Reached skill level 5 in Staves
  1671 | D:3      | Found a shimmering altar of Xom.
  1671 | D:3      | Found a shimmering altar of Xom.
  1672 | D:3      | Found a shimmering altar of Xom.
  1675 | D:3      | Identified the +5 short sword of the Wraith {holy, rPois
                  | Str+2 Int+3 Dex+3}
  1788 | D:3      | Reached XP level 5. HP: 38/45 MP: 4/4
  2129 | D:4      | Found a snail-covered altar of Cheibriados.
  2129 | D:4      | Found a stormy altar of Qazlal.
  2130 | D:4      | Found a bloodstained altar of Trog.
  2209 | D:4      | Reached skill level 6 in Staves
  2410 | D:4      | Reached XP level 6. HP: 39/50 MP: 5/5
  2488 | D:4      | Reached skill level 7 in Staves
  2587 | D:4      | Found a large runed translucent door.
  2593 | D:4      | Found a large runed translucent door.
  2600 | D:4      | Found a large runed translucent door.
  2600 | D:4      | Found a large runed translucent door.
  2668 | D:4      | Reached skill level 8 in Staves
  2698 | D:4      | Identified the +8 whip of the Tooth {flame, ^Contam Int+3}
  2793 | D:4      | Reached XP level 7. HP: 34/57 MP: 6/6
  2799 | D:4      | Reached skill level 9 in Staves
  3023 | D:4      | Reached skill level 1 in Maces & Flails
  3228 | D:5      | Entered Level 5 of the Dungeon
  3239 | D:5      | Gained mutation: You have large cloven feet. [potion of
                  | mutation]
  3239 | D:5      | Gained mutation: You passively map a small area around you.
                  | [potion of mutation]
  3244 | D:5      | Slain by a hound

Illustrated notes

Levels and vault maps discovered:
D:1:      minmay_arrival_shoal_huts, layout_loops_ring
D:2:      layout_loops_ring, dreamdust_ecumenical_altar_sealed_demon
D:3:      layout_loops_ring, nicolae_xom_altar_mimics
D:4:      layout_basic, gammafunk_temple_overflow_claw,
          minmay_hollow_rounded_squares
D:5:      layout_rooms, serial_rivers, chequers_serial_rivers_room_b,
          chequers_serial_rivers_room_b, chequers_serial_rivers_room_a,
          chequers_serial_rivers_large_b, chequers_serial_rivers_large_a

Skill      XL: |  1  2  3  4  5  6  7 |
---------------+----------------------+-----
Axes           | 3 |  3.3
Staves         | 2 4 5 6 8 9 |  9.0
Maces & Flails | 2 |  2.0
Shields        | 4 |  4.3
Fighting       | |  3.6
Armour         | |  3.6

Action                     |  1- 3 |  4- 6 |  7- 9 || total
---------------------------+-------+-------+-------++-------
  Melee: War axe           |    24 |       |       ||    24
         Lajatang          |    74 |   106 |     2 ||   182
         Headbutt          |    14 |    10 |     7 ||    31
         Whip              |       |       |    32 ||    32
    Use: Scroll            |       |     4 |       ||     4
         Potion            |       |     3 |     3 ||     6
 Armour: Scale mail        |    82 |    91 |    40 ||   213
  Dodge: Dodged            |    58 |    74 |    18 ||   150
  Block: Buckler           |     5 |       |       ||     5
         Kite shield       |       |       |    15 ||    15
